 Dungeon Crawl Stone Soup version 0.30-a0-42-g806c11bf1d (webtiles) character file.

Game seed: 12918409088915492069

2832 robertstho the Grappler (level 9, -10/132 HPs)
             Began as a Troll Berserker on Aug 30, 2022.
             Was an Elder of Trog.
             Mangled by a 12-headed hydra (12 damage)
             ... on level 7 of the Dungeon.
             The game lasted 00:07:31 (4884 turns).

robertstho the Grappler (Troll Berserker)           Turns: 4884, Time: 00:07:32

Health: -10/132    AC:  5    Str: 27    XL:     9   Next: 45%
Magic:  8/8        EV: 11    Int:  5    God:    Trog [****..]
Gold:   306        SH:  0    Dex: 11    Spells: 8/8 levels left

rFire   . . .      SeeInvis +      - Unarmed
rCold   . . .      Faith    .    (no shield)
rNeg    . . .      Spirit   .    a - +1 animal skin
rPois   .          Reflect  .    (helmet restricted)
rElec   .          Harm     .    (no cloak)
rCorr   +          Rampage  .    (gloves unavailable)
Will    .....                    (boots unavailable)
Stlth   ..........               (no amulet)
HPRegen 1.12/turn                g - ring of see invisible
MPRegen 0.11/turn                h - ring of resist corrosion

@: berserking, very quick
A: large, unfitting armour, claws 3, regeneration 1, shaggy fur 1, tough skin 1
a: Renounce Religion, Berserk, Trog's Hand, Brothers in Arms


You were on level 7 of the Dungeon.
You worshipped Trog.
Trog was greatly pleased with you.
You visited 1 branch of the dungeon, and saw 7 of its levels.
You also visited: Sewer.

You collected 436 gold pieces.
You spent 130 gold pieces at shops.

Inventory:

Hand Weapons
 j - a +1 eveningstar
Armour
 a - a +1 animal skin (worn)
Jewellery
 g - a ring of see invisible (left claw)
 h - a ring of resist corrosion (right claw)
Wands
 o - a wand of iceblast (9)
Scrolls
 c - 5 scrolls of teleportation
 d - a scroll of silence
 l - a scroll of enchant armour
 m - a scroll of immolation
 n - 2 scrolls of fear
 p - 3 scrolls of identify
 q - a scroll of enchant weapon
 r - a scroll of fog
Potions
 b - 4 potions of flight
 e - 2 potions of might
 f - a potion of cancellation
 i - 2 potions of heal wounds
 k - 3 potions of magic
 s - 2 potions of curing
 t - a potion of brilliance {unknown}


   Skills:
 * Level 5.3 Fighting
 + Level 4.7 Dodging
 + Level 1.0 Stealth
 * Level 11.0 Unarmed Combat


You had 8 spell levels left.
You didn't know any spells.
Your spell library was empty.

Dungeon Overview and Level Annotations

Branches:
Dungeon (7/15)             Temple (0/1) D:5           Sewer (visited)

Altars:
Ashenzari
Cheibriados
Dithmenos
Elyvilon
Fedhas
Makhleb
Sif Muna
Zin

Shops:
D:5 *


Innate Abilities, Weirdness & Mutations

You are too large for most types of armour.
You have claws for hands.
Your natural rate of healing is unusually fast.
You are covered in fur. (AC +1)
You have tough skin. (AC +1)


Message History

The seven-headed hydra bites you.
The seven-headed hydra bites you but does no damage.
The seven-headed hydra bites you! x3
The seven-headed hydra barely misses you.
You claw one of the seven-headed hydra's heads off!
The six-headed hydra grows two more!
You mangle the eight-headed hydra!!
The eight-headed hydra is heavily wounded.
The eight-headed hydra bites you.
The eight-headed hydra barely misses you.
The eight-headed hydra completely misses you.
The eight-headed hydra bites you! The eight-headed hydra bites you.
The eight-headed hydra bites you! The eight-headed hydra bites you.
The eight-headed hydra bites you!
You rip one of the eight-headed hydra's heads off!
The seven-headed hydra grows two more!
You claw the nine-headed hydra! Your claw misses the nine-headed hydra.
The nine-headed hydra is heavily wounded.
Unknown command.
You rip one of the nine-headed hydra's heads off!
The eight-headed hydra grows two more!
You mangle the ten-headed hydra!!
The ten-headed hydra is severely wounded.
The ten-headed hydra bites you! x3
* * * LOW HITPOINT WARNING * * *
The ten-headed hydra barely misses you. The ten-headed hydra bites you!
* * * LOW HITPOINT WARNING * * *
The ten-headed hydra bites you!
* * * LOW HITPOINT WARNING * * *
The ten-headed hydra bites you but does no damage.
The ten-headed hydra barely misses you. The ten-headed hydra bites you.
* * * LOW HITPOINT WARNING * * *
The ten-headed hydra bites you.
* * * LOW HITPOINT WARNING * * *
You claw one of the ten-headed hydra's heads off!
The nine-headed hydra grows two more!
You claw the 11-headed hydra!
The 11-headed hydra is severely wounded.
You tear one of the 11-headed hydra's heads off!
The ten-headed hydra grows two more!
You claw the 12-headed hydra!
The 12-headed hydra is severely wounded.
The 12-headed hydra bites you!
You die...

#.# #..# #.# ##.# #.#
##.# #.# #..# ##
##.##### .. #.......
#< #..####.
####..##### #..# #.
......D@..# #..# #.
####..###.# #..# #. #.
##.## #..# ##
#..##...######..###
#.................#
##.##.....####..#.###
...#......####..#....
......#......#...#....
...................###


You could see a 12-headed hydra.

Vanquished Creatures
  Pikel (D:5)
  Menkaure (D:7)
  Duvessa (D:5)
  A water moccasin (D:6)
  2 black bears
  Pargi (Sewer)
  An ogre (D:4)
  A centaur (D:6)
  A phantom (D:5)
  6 necrophages
  2 bullfrogs (D:6)
  2 scorpions (D:5)
  A wyvern zombie (D:6)
  Dowan (D:5)
  2 howler monkeys
  3 quasits (D:4)
  A bullfrog zombie (D:6)
  3 hounds
  A gnoll bouda (D:5)
  4 iguanas
  An orc wizard (D:5)
  16 gnolls
  5 adders
  2 shadow imps
  3 white imps
  5 ufetubi
  2 worms (D:3)
  5 dart slugs
  15 orcs
  5 ball pythons
  3 bats
  7 endoplasms
  10 giant cockroaches
  7 goblins
  6 hobgoblins
  2 jackals (D:2)
  9 kobolds
  5 quokkas
  5 frilled lizards
  2 rats
  A bush (D:6)
152 creatures vanquished.

Vanquished Creatures (others)
  3 demonic plants (D:4)
  9 plants (D:6)
12 creatures vanquished.

Grand Total: 164 creatures vanquished

Notes
Turn   | Place    | Note
-------+----------+-------------------------------------------
     0 | D:1      | robertstho the Troll Berserker began the quest for the Orb.
     0 | D:1      | Reached XP level 1. HP: 22/22 MP: 0/0
   207 | D:1      | Reached XP level 2. HP: 29/29 MP: 1/1
   239 | D:1      | Found a faded altar of an unknown god.
   885 | D:2      | Reached XP level 3. HP: 36/36 MP: 2/2
   913 | D:2      | Reached ** piety under Trog
  1153 | D:2      | Reached skill level 4 in Unarmed Combat
  1257 | D:2      | Reached XP level 4. HP: 6/44 MP: 3/3
  1652 | D:2      | Reached skill level 5 in Unarmed Combat
  1756 | D:3      | Reached XP level 5. HP: 49/52 MP: 4/4
  1824 | D:3      | Found a snail-covered altar of Cheibriados.
  2026 | D:3      | Found a shimmering blue altar of Sif Muna.
  2177 | D:3      | Reached *** piety under Trog
  2218 | D:4      | Noticed an ogre
  2225 | D:4      | Killed an ogre
  2226 | D:4      | Reached skill level 6 in Unarmed Combat
  2226 | D:4      | Reached XP level 6. HP: 61/61 MP: 5/5
  2247 | D:4      | Found a shadowy altar of Dithmenos.
  2816 | D:5      | Entered Level 5 of the Dungeon
  2830 | D:5      | Reached XP level 7. HP: 49/67 MP: 6/6
  2893 | D:5      | Reached skill level 7 in Unarmed Combat
  3004 | D:5      | Noticed Duvessa
  3006 | D:5      | Noticed Dowan
  3023 | D:5      | Killed Duvessa
  3024 | D:5      | Reached skill level 8 in Unarmed Combat
  3024 | D:5      | Reached XP level 8. HP: 78/78 MP: 7/7
  3035 | D:5      | Killed Dowan
  3065 | D:5      | Found Teinotos's General Store.
  3082 | D:5      | Bought a scroll of teleportation for 39 gold pieces
  3082 | D:5      | Bought a scroll of teleportation for 39 gold pieces
  3082 | D:5      | Bought a scroll of identify for 26 gold pieces
  3082 | D:5      | Bought a scroll of identify for 26 gold pieces
  3140 | D:5      | Found a staircase to the Ecumenical Temple.
  3141 | D:5      | Noticed Pikel
  3152 | D:5      | Killed Pikel
  3153 | D:5      | Reached skill level 9 in Unarmed Combat
  3472 | D:6      | Found a blossoming altar of Fedhas.
  3524 | D:6      | Found a glowing silver altar of Zin.
  3640 | D:6      | Found a broken altar of Ashenzari.
  3652 | D:6      | Reached skill level 5 in Fighting
  3791 | D:6      | Found a white marble altar of Elyvilon.
  3807 | D:6      | Reached XP level 9. HP: 59/88 MP: 8/8
  3909 | D:6      | Reached **** piety under Trog
  3915 | D:6      | Found a glowing drain.
  3919 | Sewer    | Entered a sewer
  3922 | Sewer    | Noticed Pargi
  3925 | Sewer    | Killed Pargi
  3926 | Sewer    | Reached skill level 10 in Unarmed Combat
  4342 | D:6      | Reached skill level 1 in Stealth
  4459 | D:7      | Found a burning altar of Makhleb.
  4570 | D:7      | Noticed Menkaure
  4574 | D:7      | Killed Menkaure
  4575 | D:7      | Reached skill level 11 in Unarmed Combat
  4876 | D:7      | Noticed a seven-headed hydra
  4882 | D:7      | HP: 6/132 [ten-headed hydra (2)]
  4882 | D:7      | HP: 1/132 [ten-headed hydra (5)]
  4884 | D:7      | Mangled by a 12-headed hydra

Illustrated notes

Levels and vault maps discovered:
D:1:      dpeg_arrival_signposts, layout_basic, ebering_ecumenical_altar_webs
D:2:      layout_loops_ring, roderic_lattice_a
D:3:      layout_rooms, cheibriados_altar_1, led_sif_pool
D:4:      layout_basic, nicolae_dithmenos_shadow_blocks, serial_demonic,
          serial_demonic_c, serial_demonic_d, serial_demonic_g,
          serial_demonic_d, minmay_circle_x
D:5:      nicolae_BIG_FREAKIN_CUBE, layout_rooms, serial_shops,
          nicolae_shop_stone, uniq_duvessa, uniq_pikel
D:6:      layout_rooms, mainiacjoe_overflow_surrounded_room,
          fedhas_altar_decomposition, elyvilon_altar_1, lemuel_doored_altar,
          gup_sewer_entry_bowl
D:7:      layout_loops_ring, amcnicky_altar_gilded, uniq_menkaure, uniq_maggie

Skill      XL: |  1  2  3  4  5  6  7  8  9 |
---------------+----------------------------+-----
Unarmed Combat | 4 5 6 8 9 11 | 11.0
Fighting       | 3 4 5 |  5.3
Dodging        | 3 4 |  4.7
Stealth        | 1 |  1.0

Action                   |  1- 3 |  4- 6 |  7- 9 || total
-------------------------+-------+-------+-------++-------
Melee: Unarmed           |    79 |   159 |   175 ||   413
       Punch             |       |     1 |    10 ||    11
Invok: Berserk           |     2 |     4 |     4 ||    10
  Use: Scroll            |       |     8 |     9 ||    17
       Potion            |       |     1 |     1 ||     2
 Stab: Sleeping          |       |     1 |     2 ||     3
Armor: Animal skin       |    24 |    78 |    34 ||   136
Dodge: Dodged            |    34 |   148 |    99 ||   281

Table legend: (Time is in decaauts)
 A = Elapsed time spent in this place.
 B = Non-inter-level travel time spent in this place.
 C = Inter-level travel time spent in this place.
 D = Time resting spent in this place.
 E = Time spent auto-exploring this place.
 F = Levels seen in this place.
 G = Mean time per level.
                   A        B        C        D        E       F      G
               +--------+--------+--------+--------+--------+-----+--------+
         Total |   4912 |   4784 |    128 |     71 |   3782 |   8 |  614.0 |
       Dungeon |   4781 |   4653 |    128 |     71 |   3696 |   7 |  683.0 |
         Sewer |    131 |    131 |      0 |      0 |     86 |   1 |  131.0 |
               +--------+--------+--------+--------+--------+-----+--------+

Top non-repeatable levels by time:
     D:1: 856 daAuts
     D:2: 839 daAuts
     D:6: 789 daAuts
     D:5: 657 daAuts
     D:4: 647 daAuts
     D:3: 507 daAuts
     D:7: 484 daAuts
   Sewer: 131 daAuts
